 Dungeon Crawl Stone Soup version 0.16.2-12-gd0ad4c3 (webtiles) character file.

93 Zac the Firebug (level 4, -4/31 HPs)
             Began as a Human Fire Elementalist on Oct 5, 2015.
             Slain by Sigmund
             ... wielding a +3 scythe of protection
              (13 damage)
             ... on level 2 of the Dungeon.
             The game lasted 00:27:19 (2740 turns).

Zac the Firebug (Human Fire Elementalist)           Turns: 2740, Time: 00:27:19

Health: -4/31      AC:  0    Str:  9    XL:     4   Next: 92%
Magic:  7/7        EV: 15    Int: 15    God:
Gold:   89         SH:  0    Dex: 14    Spells: 1 memorised, 6 levels left

rFire  . . .     SeeInvis .     j - melded +0 dagger
rCold  . . .     Clarity  .     w - melded +0 chain mail
rNeg   . . .     SustAb   .     (shield currently unavailable)
rPois  .         Gourm    .     e - melded +0 helmet
rElec  .         Spirit   .     o - melded +0 cloak
rCorr  .         Warding  .     (gloves currently unavailable)
rMut   .         Stasis   .     r - melded +0 pair of boots
MR     .....                    (no amulet)
Stlth  ++........               (ring currently unavailable)
                                (ring currently unavailable)

@: pig-form, very quick, not resistant to hostile enchantments, unstealthy
A: no striking features
a: no special abilities


You were on level 2 of the Dungeon.
You were near starving.
You were a filthy swine.
You visited 1 branch of the dungeon, and saw 2 of its levels.

You collected 89 gold pieces.

Inventory:

Hand weapons
 f - a +0 short sword
 g - a +0 club
 h - a +0 club
 j - a +0 dagger (melded)
 k - a +0 whip
 m - a +0 dagger
 n - a +0 spear
 s - a +0 dagger
 y - a +0 club
 A - a +0 club
 B - a +0 club
 C - a +0 dagger
 D - a +0 dagger
 E - a +0 hunting sling
Missiles
 l - 23 stones (quivered)
 u - 18 bolts of frost
 v - 19 arrows
 x - 5 poisoned needles
Armour
 a - a +0 robe
 e - a +0 helmet (melded)
 o - a +0 cloak (melded)
 r - a +0 pair of boots (melded)
 w - a +0 chain mail (melded)
Scrolls
 d - a scroll of fear {unknown}
 i - 2 scrolls of identify {unknown}
 q - a scroll of noise {unknown}
 t - a scroll of immolation {unknown}
Potions
 p - a potion of curing {unknown}
 z - a potion of poison {unknown}
Books
 b - a book of Flames

   Spells                             Type                      Level
   a - Flame Tongue                   Conjuration/Fire             1
   b - Throw Flame                    Conjuration/Fire             2
   c - Conjure Flame                  Conjuration/Fire             3
   d - Inner Flame                    Hexes/Fire                   3
   e - Sticky Flame                   Conjuration/Fire             4
   f - Fireball                       Conjuration/Fire             5
Comestibles
 c - a meat ration


   Skills:
 + Level 0.8 Fighting
 + Level 0.6 Short Blades
 + Level 1.7 Armour
 + Level 2.5 Dodging
 + Level 2.4 Stealth
 + Level 2.2 Spellcasting
 + Level 1.1 Conjurations
 * Level 3.7 Fire Magic


You had 6 spell levels left.
You knew the following spells:

 Your Spells              Type           Power        Failure   Level  Hunger
a - Flame Tongue          Conj/Fire      #....        12%         1    #......


Dungeon Overview and Level Annotations

Branches:
Dungeon (2/15)

Altars:

Annotations:
D:2 Sigmund


Message History

Your +0 chain mail melds into your body.
You hit something.
You hear some strange, mumbled words.
The puff of flame hits you!
You closely miss something.
You hear a zap.
Something tries to affect you, but you resist.
You miss something.
You hear a zap.
Something tries to affect you, but you resist.
You completely miss something.
You hear some strange, mumbled words.
The puff of flame hits you!
You hit something but do no damage.
You hear a zap.
Something tries to affect you, but you resist.
You miss something. Something hits you.
* * * LOW HITPOINT WARNING * * *
You barely miss something. Something hits you!
You die...

#.###.###. .
#.#...{..... .###
#........... ...
#######.###. ...
#...... #.# ##..###.
#.# #.....##
#.#############...#.##
#....h{...............
##############..###...
#.......# #ยง#####..
#.# #)# #.# #.#
#.#####.# ..##....#
####)####


There were no monsters in sight!

Vanquished Creatures
  Ijyb (D:2)
  Robin (D:2)
  3 adders (D:2)
  11 goblins
  9 hobgoblins
  3 kobolds (D:1)
  4 bats (D:1)
  A giant gecko (D:1)
  4 rats
37 creatures vanquished.

Notes
Turn   | Place    | Note
--------------------------------------------------------------
     0 | D:1      | Zac, the Human Fire Elementalist, began the quest for the Orb.
     0 | D:1      | Reached XP level 1. HP: 13/13 MP: 3/3
   538 | D:1      | Reached XP level 2. HP: 13/19 MP: 4/4
  1262 | D:1      | You fall through a shaft!
  1330 | D:2      | Reached XP level 3. HP: 10/24 MP: 4/6
  1674 | D:2      | Noticed Ijyb
  1751 | D:2      | Killed Ijyb
  1751 | D:2      | Reached skill level 1 in Armour
  1751 | D:2      | Reached XP level 4. HP: 21/30 MP: 7/7
  2294 | D:2      | Noticed Robin
  2348 | D:2      | Killed Robin
  2688 | D:2      | Noticed Sigmund
  2740 | D:2      | Slain by Sigmund

Action                   |  1- 3 |  4- 6 || total
-------------------------+-------+-------++-------
Melee: Short sword       |    17 |       ||    17
       Dagger            |   120 |   119 ||   239
       Unarmed           |       |     7 ||     7
Throw: Stone             |     2 |       ||     2
 Stab: Sleeping          |     1 |       ||     1
  Eat: Bread ration      |     1 |       ||     1
